 Dungeon Crawl Stone Soup version 0.27-a0-67-g4bfc8a49e1 (webtiles) character file.

Game seed: 4871775763299691774

9685 Borgoz the Grappler (level 11, -23/95 HPs)
             Began as a Ghoul Gladiator on Jan 9, 2021.
             Was a Follower of Ashenzari.
             Killed from afar by an efreet (30 damage)
             ... with a bolt of fire
             ... on level 9 of the Dungeon.
             The game lasted 00:16:23 (12382 turns).

Borgoz the Grappler (Ghoul Gladiator)              Turns: 12382, Time: 00:16:24

Health: -23/95     AC: 13    Str: 19    XL:     11   Next: 50%
Magic:  10/10      EV: 16    Int:  6    God:    Ashenzari [*.....]
Gold:   377        SH: 11    Dex: 21    Spells: 10/10 levels left

rFire    . . .     SeeInvis .     - Unarmed
rCold    + + .     Faith    .   t - +0 buckler of the Ecumenical Temple {+Fly rN+ Int+3} (curse)
rNeg     + + +     Spirit   .   w - +0 scale mail of the Morning {Dex+2} (curse)
rPois    ∞         Reflect  +   k - +1 helmet
rElec    .         Harm     .   f - +0 cloak
rCorr    .         Rampage  .   (no gloves)
Will     .....                  a - +0 pair of boots
Stlth    ..........             m - amulet of reflection
HPRegen  0.00/turn              h - ring of protection from cold
MPRegen  0.12/turn              b - +6 ring of dexterity

@: mighty
A: claws 1, cold resistance 1, negative energy resistance 3, inhibited
regeneration, torment resistance, unbreathing
a: Renounce Religion, Evoke Flight, Curse Item, Scrying


You were on level 9 of the Dungeon.
You worshipped Ashenzari.
Ashenzari was aware of your devotion.
You visited 2 branches of the dungeon, and saw 10 of its levels.

You collected 567 gold pieces.
You spent 190 gold pieces at shops.

Inventory:

Missiles
 v - 6 throwing nets (quivered)
Armour
 a - a +0 pair of boots (worn)
 f - a +0 cloak (worn)
 k - a +1 helmet (worn)
 t - the cursed +0 buckler of the Ecumenical Temple (worn) {+Fly rN+ Int+3}
   (You bought it in a shop on level 7 of the Dungeon)

   It affects your intelligence (+3).
   It protects you from negative energy.
   It lets you fly.
   It has a curse placed upon it.
 w - the cursed +0 scale mail of the Morning (worn) {Dex+2}
   (You found it on level 8 of the Dungeon)

   It affects your dexterity (+2).
   It has a curse placed upon it.
Jewellery
 b - a +6 ring of dexterity (right claw)
 h - a ring of protection from cold (left claw)
 m - an amulet of reflection (around neck)
Wands
 e - a wand of disintegration (2)
 r - a wand of random effects (12)
Scrolls
 d - 2 scrolls of magic mapping
 i - 6 scrolls of teleportation
 j - 3 scrolls of remove curse
 n - a scroll of random uselessness {unknown}
 p - a scroll of fear
 q - a scroll of fog {unknown}
 s - a scroll of acquirement {unknown}
 x - a scroll of vulnerability {unknown}
 y - a scroll of blinking {unknown}
Potions
 o - 2 potions of flight


   Skills:
 + Level 8.6 Fighting
 - Level 1.7 Throwing
 * Level 9.3 Armour
 + Level 8.1 Dodging
 - Level 4.0 Shields
 + Level 9.6 Unarmed Combat


You had 10 spell levels left.
You didn't know any spells.
Your spell library was empty.

Dungeon Overview and Level Annotations

Branches:
Dungeon (9/15)             Temple (1/1) D:5            Lair (0/6) D:9
    Orc: D:9-12

Altars:
Ashenzari
Cheibriados
Dithmenos
Elyvilon
Fedhas
Gozag
Hepliaklqana
Kikubaaqudgha
Makhleb
Nemelex Xobeh
Okawaru
Ru
Sif Muna
Trog
Uskayaw
Vehumet
Wu Jian
Xom
Yredelemnul
Zin
The Shining One

Shops:
D:7 *[


Innate Abilities, Weirdness & Mutations

You thrive by killing the living.
You are immune to poison.
You have sharp fingernails.
Your flesh is cold resistant. (rC+)
You are immune to negative energy. (rN+++)
You do not regenerate when monsters are visible.
You are immune to unholy pain and torment.
You can survive without breathing.


Message History

You feel better. You block the ogre's attack. You block the efreet's attack.
It was a potion of might.
You feel very mighty all of a sudden. The ogre hits you with a +0 giant club!
* * * LOW HITPOINT WARNING * * *
The efreet completely misses you.
You mangle the ogre!!
You kill the ogre!
You barely miss the efreet. You block the efreet's attack.
Throw: 7 throwing nets
Press: ? - help, Q - select action, (/) - cycle Shift-Dir - straight line, f - efreet
Aim: an efreet, wielding a +1 scimitar of flaming You throw a throwing net.
The throwing net hits the efreet.
The efreet is caught in the net!
The efreet struggles against the net.
You scratch the efreet.
The efreet is lightly wounded.
The efreet gestures at you. The bolt of fire hits you!!
You die...

########
###########
.......#
#.........#
........
#.........#
.......#
#.........#
.......#
#.........#
.......#
#.....)...#
>......#
+.....R@..#
.......#
#.........#
.#######
##...######
.# ###..##
.# #.....#
.# #.###.#
.# +.....#
.#####.#
#####.#
.......#
#...#.#


You could see an efreet (caught).

Vanquished Creatures
  2 death yaks
  A two-headed ogre (D:8)
  An orc knight (D:7)
  Pikel (D:6)
  Prince Ribbit (D:6)
  A hornet (D:7)
  Eustachio (D:6)
  16 wargs (D:7)
  8 orc warriors (D:7)
  2 ice beasts
  2 black bears
  A necrophage (D:4)
  A sky beast (D:7)
  3 ogres
  A phantom (D:5)
  5 centaurs
  Blork the orc (D:6)
  4 bullfrogs
  2 big kobolds
  3 gnoll sergeants (D:8)
  3 scorpions
  8 killer bees
  6 howler monkeys
  2 gnoll shamans (D:8)
  2 orc priests
  7 hounds
  2 jellies
  A centaur skeleton (D:5)
  3 orc wizards
  An iguana (D:9)
  Ijyb (D:4)
  2 worker ants
  A killer bee zombie (D:9)
  2 hound skeletons
  A howler monkey zombie (D:7)
  A worker ant zombie (D:4)
  Robin (D:3)
  17 gnolls
  6 adders
  A shadow imp (D:5)
  A white imp (D:7)
  2 ufetubi (D:8)
  An adder skeleton (D:7)
  3 worms
  4 leopard geckos
  45 orcs
  3 giant cockroaches
  9 hobgoblins
  10 jackals
  7 quokkas
  A ball python (D:3)
  11 bats
  7 frilled lizards
  16 goblins
  12 kobolds
  10 rats
267 creatures vanquished.

Vanquished Creatures (others)
  A kobold (D:9)
  6 plants (D:7)
7 creatures vanquished.

Grand Total: 274 creatures vanquished

Notes
Turn   | Place    | Note
-------+----------+-------------------------------------------
     0 | D:1      | Borgoz the Ghoul Gladiator began the quest for the Orb.
     0 | D:1      | Reached XP level 1. HP: 17/17 MP: 0/0
   352 | D:1      | Reached XP level 2. HP: 25/25 MP: 1/1
   572 | D:1      | You fall into a shaft and drop 1 floor!
  1038 | D:2      | Reached XP level 3. HP: 26/30 MP: 2/2
  1390 | D:2      | Reached skill level 1 in Armour
  2067 | D:3      | Reached XP level 4. HP: 37/37 MP: 3/3
  2175 | D:3      | Reached XP level 5. HP: 42/45 MP: 4/4
  2532 | D:3      | Noticed Robin
  2940 | D:3      | Killed Robin
  3150 | D:4      | Reached XP level 6. HP: 45/51 MP: 5/5
  3325 | D:4      | Reached skill level 5 in Unarmed Combat
  3791 | D:4      | Noticed Ijyb
  3804 | D:4      | Killed Ijyb
  4012 | D:4      | Noticed a necrophage
  4022 | D:4      | Killed a necrophage
  4023 | D:4      | Reached XP level 7. HP: 53/58 MP: 6/6
  4119 | D:4      | Found an ancient bone altar of Kikubaaqudgha.
  4187 | D:5      | Entered Level 5 of the Dungeon
  4483 | D:5      | Reached skill level 5 in Dodging
  4657 | D:5      | Found a staircase to the Ecumenical Temple.
  4679 | Temple   | Entered the Ecumenical Temple
  4933 | Temple   | Became a worshipper of Ashenzari the Shackled
  5231 | D:6      | Noticed Blork the orc
  5559 | D:6      | Noticed Pikel
  5571 | D:6      | Killed Pikel
  5572 | D:6      | Reached XP level 8. HP: 46/67 MP: 7/7
  5573 | D:6      | Noticed Prince Ribbit
  5585 | D:6      | Killed Prince Ribbit
  5586 | D:6      | Reached skill level 5 in Fighting
  5906 | D:6      | Killed Blork the orc
  5981 | D:6      | Noticed Eustachio
  5988 | D:6      | Reached skill level 5 in Armour
  5988 | D:6      | Reached XP level 9. HP: 69/74 MP: 8/8
  5998 | D:6      | Killed Eustachio
  6182 | D:6      | Found a hazy altar of Hepliaklqana.
  6183 | D:6      | Found a shimmering altar of Xom.
  6184 | D:6      | Noticed a spectral ugly thing
  6184 | D:6      | Noticed a death ooze
  6508 | D:7      | Found Ikkon's Antique Armour Boutique.
  6561 | D:7      | Bought a brightly glowing buckler for 190 gold pieces
  6566 | D:7      | Identified the cursed +0 buckler of the Ecumenical Temple
                  | {+Fly rN+ Int+3} (You bought it in a shop on level 7 of the
                  | Dungeon)
  6755 | D:7      | Found Molu's Lightly-Used Armoury.
  6813 | D:7      | Reached skill level 1 in Shields
  7181 | D:7      | Noticed an orc knight
  7490 | D:7      | Killed an orc knight
  7491 | D:7      | Reached XP level 10. HP: 22/84 MP: 9/9
 10070 | D:8      | Reached * piety under Ashenzari
 10123 | D:8      | Noticed a two-headed ogre
 10131 | D:8      | Killed a two-headed ogre
 10132 | D:8      | Reached XP level 11. HP: 94/94 MP: 10/10
 10142 | D:8      | Got the cursed scale mail of the Morning {Dex+2}
 10164 | D:8      | Identified the cursed +0 scale mail of the Morning {Dex+2}
                  | (You found it on level 8 of the Dungeon)
 10497 | D:8      | Noticed a green death
 10498 | D:8      | Found a burning altar of Makhleb.
 10500 | D:8      | Found a glowing silver altar of Zin.
 10501 | D:8      | Noticed an angel
 10515 | D:8      | Found a blossoming altar of Fedhas.
 11174 | D:9      | Found a snail-covered altar of Cheibriados.
 11212 | D:9      | Noticed a death yak
 11237 | D:9      | Killed a death yak
 11238 | D:9      | Found a staircase to the Lair.
 11353 | D:9      | Noticed a death yak
 11356 | D:9      | Noticed a death yak
 11358 | D:9      | Noticed a death yak
 11364 | D:9      | Noticed a death yak
 11766 | D:8      | Killed a death yak
 12382 | D:9      | Killed from afar by an efreet

Illustrated notes

Levels and vault maps discovered:
D:1:      minmay_arrival_widening_spiral_wide, layout_loops_ring
D:2:      layout_basic, kennysheep_decorative_pillar, glass_columns_b,
          minmay_tetromino_s2
D:3:      layout_rooms, uniq_robin
D:4:      layout_gridville, general_overflow_altar, minmay_quantized, uniq_ijyb
D:5:      layout_loops_cross, minmay_temple_entry_purple_smoke
D:6:      layout_cave_pods, regret_index_temple_of_mockery, uniq_pikel,
          uniq_eustachio, uniq_blork_the_orc, uniq_prince_ribbit1
D:7:      lemuel_castle_with_subvaults [lemuel_castle_interior_carwin_2],
          layout_basic, serial_shops, shop_statue, minmay_shop_damaged
D:8:      layout_cave_pools, grunt_temple_overflow_order_and_chaos_2,
          fedhas_bush_and_centaur_altar, serial_gnoll_camp,
          gnoll_camp_medium_02, gnoll_camp_mini_house, gnoll_camp_mini_hut,
          gnoll_camp_mini_hut, gnoll_camp_mini_house
D:9:      layout_roguey, cheibrodos_worm_habitat, marbit_many_paths,
          dpeg_lair_monsters, uniq_joseph
Temple:   minmay_temple_curvy_branch

Skill      XL: |  1  2  3  4  5  6  7  8  9 10 11 |
---------------+----------------------------------+-----
Dodging        | 3 4 5 6 7 8 |  8.1
Armour         | 1 2 4 5 7 8 9 |  9.3
Unarmed Combat | 4 5 6 7 8 9 |  9.6
Fighting       | 3 4 5 6 8 |  8.6
Shields        | 2 4 |  4.0
Throwing       | |  1.7

Action                   |  1- 3 |  4- 6 |  7- 9 | 10-12 || total
-------------------------+-------+-------+-------+-------++-------
Melee: Unarmed           |   149 |   193 |   283 |   544 ||  1169
       Punch             |     2 |     8 |     7 |       ||    17
Throw: Throwing net      |       |     2 |     4 |     3 ||     9
Evoke: Wand              |       |       |     5 |       ||     5
  Use: Scroll            |     4 |     4 |     2 |     7 ||    17
       Potion            |     2 |       |     2 |     7 ||    11
 Stab: Held in net/web   |       |     1 |     2 |       ||     3
       Invisible         |       |       |       |     3 ||     3
Armor: Leather armour    |    22 |       |       |       ||    22
       Ring mail         |    50 |    68 |    73 |    64 ||   255
       Scale mail        |       |       |       |    64 ||    64
Dodge: Dodged            |   123 |   155 |   206 |   373 ||   857
Block: Other             |       |       |    31 |       ||    31
       Reflection        |       |       |     9 |    11 ||    20
       Buckler           |       |       |    76 |   322 ||   398

Table legend: (Time is in decaauts)
 A = Elapsed time spent in this place.
 B = Non-inter-level travel time spent in this place.
 C = Inter-level travel time spent in this place.
 D = Time resting spent in this place.
 E = Time spent auto-exploring this place.
 F = Levels seen in this place.
 G = Mean time per level.
                   A        B        C        D        E       F      G
               +--------+--------+--------+--------+--------+-----+--------+
         Total |  12283 |  11888 |    395 |   4432 |   5211 |  10 | 1228.3 |
       Dungeon |  11936 |  11543 |    393 |   4432 |   4883 |   9 | 1326.2 |
        Temple |    346 |    344 |      2 |      0 |    328 |   1 |  346.0 |
               +--------+--------+--------+--------+--------+-----+--------+

Top non-repeatable levels by time:
     D:7: 3225 daAuts
     D:8: 1710 daAuts
     D:2: 1551 daAuts
     D:6: 1133 daAuts
     D:4: 1040 daAuts
     D:9: 857 daAuts
     D:1: 854 daAuts
     D:5: 829 daAuts
     D:3: 732 daAuts
  Temple: 346 daAuts
